 Dungeon Crawl Stone Soup version 0.31-a0-692-gf03d1854d5 (webtiles) character file.

Game seed: 9363065740131703067

212 qw the Shooter (level 5, 0/33 HPs)
             Began as a Gargoyle Hunter on Sept 6, 2023.
             Slain by Pikel
             ... wielding a +1 whip of flaming
              (9 damage)
             ... on level 4 of the Dungeon.
             The game lasted 00:01:01 (2081 turns).

qw the Shooter (Gargoyle Hunter)                    Turns: 2081, Time: 00:01:02

Health: 0/33       AC: 11    Str: 14    XL:     5   Next: 89%
Magic:  5/5        EV: 11    Int: 13    God:
Gold:   183        SH:  0    Dex: 14    Spells: 4/4 levels left

rFire   . . .        i - +0 shortbow (heavy)
rCold   . . .        (shield currently unavailable)
rNeg    + . .        c - +0 leather armour
rPois   inf          f - +1 helmet
rElec   +            (no cloak)
rCorr   .            l - +1 pair of gloves
SInv    .            (no boots)
Will    .....        (no amulet)
Stlth   +            n - +4 ring of slaying {mikee}
HPRegen 0.25/turn    (no ring)
MPRegen 0.09/turn

%: no passive effects
@: no status effects
A: sickness immunity, AC +4, negative energy resistance 1, electricity
resistance, torment resistance 1, petrification resistance, clever 1, sense
surroundings 1
a: no special abilities


You were on level 4 of the Dungeon.
You visited 1 branch of the dungeon, and saw 4 of its levels.

You collected 183 gold pieces.


Innate Abilities, Weirdness & Mutations

You are immune to sickness and miasma.
Your stone body is resilient. (AC +4)
You are immune to poison.
You resist negative energy. (rN+)
You are resistant to electric shocks. (rElec)
You are resistant to unholy torment.
You are immune to petrification.
Your mind is acute. (Int +4, Str/Dex -1)
You passively map a small area around you.


   Skills:
 + Level 3.7 Fighting
 - Level 6.0 Ranged Weapons
 - Level 1.8 Armour
 - Level 1.5 Dodging
 - Level 1.1 Stealth


You had 4 spell levels left.
You didn't know any spells.
Your spell library was empty.

Inventory:

Hand Weapons
 i - a +0 heavy shortbow (weapon)
Armour
 c - a +0 leather armour (worn)
 f - a +1 helmet (worn)
 l - a +1 pair of gloves (worn)
Jewellery
 n - a +4 ring of slaying (left hand) {mikee}
Scrolls
 h - a scroll of teleportation
 p - a scroll of identify
Potions
 a - a potion of mutation
 d - a potion of ambrosia {unknown}
 e - 3 potions of cancellation
 g - a potion of might
 j - a potion of invisibility {unknown}
 m - a potion of brilliance {unknown}
 o - a potion of curing

Dungeon Overview and Level Annotations

Branches:
Dungeon (4/15)             Temple (0/1) D:4

Altars:
Cheibriados
Makhleb

Annotations:
D:4 Pikel


Message History

Pikel hits you with a +1 whip of flaming.
Pikel burns you. The orc barely misses you.
A lemure comes into view.
Enter note:
2074 |||
Found retreat position at 0,1 (floor) with 0 blocking monsters and 1 monsters attacking at destination at distance 1
Enter note:
2074 ||| Stepping ~*~*~tactically~*~*~ (retreating).
Things that are here:
a +0 club; 8 poisoned darts; a +0 flail You shoot an arrow.
The arrow barely misses the orc.
The arrow hits Pikel but does no damage.
The orc barely misses you.
You shoot an arrow. The arrow closely misses the orc.
The arrow hits Pikel!
Pikel is moderately wounded.
You shoot an arrow. The arrow hits Pikel.
Pikel is moderately wounded.
You hear a shout!
Pikel hits you but does no damage. x2
You hear a shout!
You shoot an arrow. The arrow barely misses Pikel.
The arrow hits the orc!
You kill the orc!
Pikel hits you with a +1 whip of flaming.
Pikel burns you.
Pikel hits you with a +1 whip of flaming.
Pikel burns you.
A lemure comes into view.
You shoot an arrow. The arrow closely misses Pikel.
The arrow barely misses the orc.
Pikel completely misses you.
You shoot an arrow. The arrow hits Pikel.
Pikel is heavily wounded.
Pikel hits you with a +1 whip of flaming.
Pikel burns you. Pikel barely misses you.
You shoot an arrow. The arrow barely misses Pikel.
The arrow barely misses the orc.
The arrow hits the lemure!!
The lemure is almost dead.
Pikel says, "Antaeus said I was his favorite kobold.
Me!"
Pikel hits you with a +1 whip of flaming!
You die...
Pikel says, "See you in Hell!"

* >. , ,, , , * ...
* , 5.## ** * ,
..##.## # #.# , *
*, ..)#.#.## #.# *
, .)55#.# #.#
.##### * * #5o.#*
#.# ...... #K# #.#
#.##.# ########@#
#.# #.##.#
#......).# #.#
#.##.#
#.#############<##
#.##.. #.# #.....[#
#.##.# #.#
#.###..###.##.# #.#
#.# #.......)%. #.#
#.# #.####.....
#.#########.#
#..........
#######.##........#
#######....


You could see Pikel, 3 lemures and an orc.

Vanquished Creatures
  A hound (D:3)
  Jessica (D:3)
  3 gnolls (D:4)
  An adder (D:2)
  3 worms
  2 dart slugs
  8 orcs
  7 ball pythons
  5 endoplasms
  7 giant cockroaches
  7 goblins
  9 hobgoblins
  7 jackals
  8 kobolds
  5 quokkas
  6 bats
  6 frilled lizards
  A hobgoblin zombie (D:4)
  A kobold zombie (D:4)
  2 orc zombies (D:4)
  9 rats
99 creatures vanquished.

Notes
Turn   | Place    | Note
-------+----------+-------------------------------------------
     0 | D:1      | qw the Gargoyle Hunter began the quest for the Orb.
     0 | D:1      | Reached XP level 1. HP: 12/12 MP: 1/1
     0 | D:1      | 0 ||| qw: Version: 0.3-a-76-g4403597
     0 | D:1      | 0 ||| qw: Game counter: 207
     0 | D:1      | 0 ||| qw: Melee chars always use a shield: true
     0 | D:1      | 0 ||| qw: God list: Okawaru
     0 | D:1      | 0 ||| qw: Allow faded altars: false
     0 | D:1      | 0 ||| qw: Do Orc after clearing Dungeon:15 true
     0 | D:1      | 0 ||| qw: Do second Lair branch before Depths: true
     0 | D:1      | 0 ||| qw: Lair rune preference: random
     0 | D:1      | 0 ||| qw: Goals: Normal
     0 | D:1      | 0 ||| PLANNING D:1-11
    40 | D:1      | Reached XP level 2. HP: 17/17 MP: 2/2
   503 | D:1      | Reached XP level 3. HP: 19/21 MP: 3/3
   609 | D:1      | Reached skill level 5 in Ranged Weapons
   835 | D:1      | 835 ||| UPGRADING to +1 helmet.
   840 | D:1      | 840 ||| READING scroll labelled VODIOCR NIACS.
   841 | D:1      | 841 ||| READING scroll labelled MAROEB XIXUPTOCI.
   842 | D:1      | 842 ||| READING scroll labelled ZATWEM TYLULO.
   843 | D:1      | 843 ||| READING scroll labelled XOVAMONKEPH.
   844 | D:1      | 844 ||| DRINKING 2 bubbling golden potions.
   845 | D:1      | 845 ||| DROPPING scroll of butterflies.
   904 | D:2      | Reached skill level 3 in Fighting
  1027 | D:2      | Reached XP level 4. HP: 28/28 MP: 4/4
  1342 | D:2      | 1342 ||| UPGRADING to +0 pair of gloves.
  1347 | D:2      | 1347 ||| UPGRADING to +4 ring of slaying {mikee}.
  1348 | D:2      | 1348 ||| READING 2 scrolls labelled EBROFF ZOF ATE.
  1352 | D:2      | 1352 ||| READING scroll labelled OVEKHL RYREH BEGOPO.
  1353 | D:2      | 1353 ||| READING scroll labelled TEUSIU LUESM.
  1354 | D:2      | 1354 ||| DRINKING 2 fizzy amethyst potions.
  1354 | D:2      | Gained mutation: Your mind is acute. (Int +4, Str/Dex -1)
                  | [potion of mutation]
  1354 | D:2      | Gained mutation: You passively map a small area around you.
                  | [potion of mutation]
  1355 | D:2      | 1355 ||| DRINKING 2 lumpy clear potions.
  1399 | D:3      | Reached skill level 1 in Armour
  1474 | D:3      | Found a burning altar of Makhleb.
  1500 | D:3      | Reached XP level 5. HP: 24/32 MP: 5/5
  1759 | D:3      | 1759 ||| READING scroll of enchant armour.
  1759 | D:3      | 1759 ||| ENCHANTING +0 pair of gloves.
  1799 | D:3      | Found a snail-covered altar of Cheibriados.
  1836 | D:3      | Noticed Jessica
  1840 | D:3      | Killed Jessica
  1846 | D:3      | Reached skill level 6 in Ranged Weapons
  1859 | D:3      | 1859 ||| DROPPING +6 ring of intelligence.
  1860 | D:3      | 1860 ||| READING scroll labelled AGUXUD WOUN.
  1881 | D:3      | 1881 ||| DRINKING 2 fizzy cyan potions.
  2065 | D:4      | 2065 ||| PLANNING TEMPLE
  2065 | D:4      | Found a staircase to the Ecumenical Temple.
  2068 | D:4      | Noticed Pikel
  2072 | D:4      | Noticed a lemure
  2073 | D:4      | Noticed a lemure
  2074 | D:4      | 2074 ||| Stepping ~*~*~tactically~*~*~ (retreating).
  2078 | D:4      | Noticed a lemure
  2081 | D:4      | Slain by Pikel

Levels and vault maps discovered:
D:1:      ebering_hopf_link, layout_basic
D:2:      layout_rooms, dreamdust_wishing_well, skrybe_limestone_x,
          minmay_splitting_lines
D:3:      layout_rooms, mainiacjoe_overflow_big_doors,
          kennysheep_generic_room_14, uniq_jessica
D:4:      layout_loops_ring, minmay_temple_entry_stoned_glass,
          minmay_mini_ossuary, uniq_pikel

Skill      XL: |  1  2  3  4  5 |
---------------+----------------+-----
Ranged Weapons | 5 6 |  6.0
Fighting       | 3 |  3.7
Armour         | 1 |  1.8
Dodging        | |  1.5
Stealth        | |  1.1

Action                     |  1- 3 |  4- 6 || total
---------------------------+-------+-------++-------
   Fire: Shortbow          |   112 |   132 ||   244
    Use: Scroll            |     4 |     5 ||     9
         Potion            |     1 |     3 ||     4
 Armour: Leather armour    |    50 |    67 ||   117
  Dodge: Dodged            |    54 |    61 ||   115

Table legend:
 A = Non-vault XP
 B = Vault XP
 C = Vault XP percentage of total XP
 D = Non-vault monster count
 E = Vault monster count
 F = Vault count percentage of total count
                 A         B        C        D         E       F
            +---------+---------+-------+---------+---------+-------
      Total |     259 |      44 |  14.5 |      92 |       7 |   7.1
            +---------+---------+-------+---------+---------+-------
        D:1 |      48 |       0 |   0.0 |      29 |       0 |   0.0
        D:2 |      63 |       0 |   0.0 |      28 |       0 |   0.0
        D:3 |      87 |      40 |  31.5 |      23 |       3 |  11.5
        D:4 |      61 |       4 |   6.2 |      12 |       4 |  25.0
            +---------+---------+-------+---------+---------+-------
